Map: Oceanborn LE

Players

Reaper - Winner!

  • Race: Protoss Protoss
  • League: Silver
  • Spawn Location: 5:00

andreslc

  • Race: Zerg Zerg
  • League: Silver
  • Spawn Location: 11:00

VOD

Have the link to the VOD?

Description

Time

  • Played on: July 12, 2024, 12:01 a.m.
  • Length: 27:38
Show
View Real Time Build Order
Export as new Build Order

Reaper Protoss - Winner!

Build Orders:  

Get SALT Encoding   

  12  0:00  Probe  
  13  0:12  Probe  
  14  0:19  Pylon  
  14  0:24  Probe  
  15  0:33  Assimilator  
  15  0:37  Probe  
  16  0:47  Gateway  
  16  0:50  Probe (Chrono Boost)  
  17  1:01  Probe (Chrono Boost)  
  18  1:05  Probe (Chrono Boost)  
  19  1:11  Pylon  
  19  1:16  Probe  
  20  1:28  Probe  
  21  1:35  Zealot (Chrono Boost)  
  23  1:40  Probe  
  24  1:47  Nexus  
  24  1:59  Zealot (Chrono Boost)  
  26  2:02  Pylon  
  26  2:03  Probe  
  27  2:19  Zealot  
  27  2:20  Gateway  
  27  2:22  Probe  
  30  2:34  Probe  
  31  2:39  Assimilator  
  31  2:46  Zealot  
  31  2:48  Pylon  
  33  2:55  Cybernetics Core  
  34  2:58  Probe (Chrono Boost)  
  34  3:00  Probe (Chrono Boost)  
  35  3:10  Probe (Chrono Boost)  
  37  3:13  Zealot  
  37  3:15  Probe (Chrono Boost)  
  37  3:16  Probe (Chrono Boost)  
  40  3:26  Probe (Chrono Boost)  
  42  3:27  Zealot  
  42  3:28  Probe (Chrono Boost)  
  42  3:31  Probe (Chrono Boost)  
  42  3:32  Warp Gate  
  45  3:41  Probe  
  46  3:42  Gateway  
  46  3:43  Probe  
  46  3:45  Twilight Council  
  47  3:49  Stalker (Chrono Boost)  
  47  3:53  Probe  
  47  3:55  Probe  
  53  4:05  Stalker (Chrono Boost)  
  53  4:10  Stalker  
  53  4:13  Pylon  
  53  4:16  Pylon  
  55  4:17  Probe  
  56  4:25  Assimilator  
  56  4:27  Assimilator  
  56  4:29  Probe x2  
  58  4:31  Stalker  
  58  4:33  Charge (Chrono Boost)  
  60  4:40  Stalker  
  60  4:41  Probe  
  63  4:46  Zealot  
  65  5:01  Stalker  
  67  5:09  Forge  
  67  5:16  Forge  
  67  5:25  Probe  
  68  5:39  Probe  
  69  5:44  Zealot x3  
  75  5:51  Probe  
  76  5:59  Blink  
  76  6:06  Pylon  
  76  6:07  Zealot  
  78  6:11  Pylon  
  78  6:14  Nexus  
  78  6:26  Protoss Ground Weapons Level 1 (Chrono Boost), Protoss Shields Level 1 (Chrono Boost), Gateway  
  78  6:27  Gateway  
  78  6:30  Gateway  
  78  6:33  Gateway  
  78  6:35  Gateway  
  78  6:36  Zealot  
  78  6:37  Zealot x2  
  84  6:53  Probe  
  85  6:56  Pylon  
  85  7:00  Pylon  
  85  7:02  Pylon  
  85  7:05  Pylon  
  85  7:23  Templar Archives  
  85  7:49  Psionic Storm  
  85  7:55  Stargate  
  85  7:56  Stargate  
  85  7:59  Stargate  
  85  8:20  High Templar x3  
  85  8:21  Pylon, High Templar x2  
  85  8:22  High Templar  
  85  8:24  Pylon  
  97  8:29  Protoss Ground Weapons Level 2  
  97  8:36  Stalker x2  
  101  8:49  Assimilator  
  101  8:52  Assimilator  
  101  9:07  Fleet Beacon, Protoss Shields Level 2  
  101  9:28  Probe (Chrono Boost)  
  101  9:30  Protoss Air Weapons Level 1  
  102  9:38  Probe (Chrono Boost), Zealot x2  
  107  9:39  Zealot x3  
  107  9:40  Zealot x3  
  107  9:43  Probe (Chrono Boost)  
  120  9:54  Probe  
  120  9:56  Robotics Facility  
  120  9:59  Robotics Facility  
  121  10:06  Pylon, Probe  
  122  10:08  Pylon  
  122  10:12  Pylon  
  122  10:19  Dark Shrine  
  127  10:21  Tempest x3 (Chrono Boost)  
  137  10:55  Nexus  
  137  10:58  Zealot  
  137  10:59  Assimilator, Zealot x5  
  137  11:00  Tempest x3 (Chrono Boost)  
  137  11:01  Zealot x2  
  168  11:36  Tempest  
  173  11:48  Tempest  
  173  11:51  Tempest  
  142  12:09  Archon  
  142  12:17  Zealot x3  
  142  12:18  Zealot x5  
  154  12:35  Gateway  
  144  12:39  Gateway  
  144  12:42  Gateway  
  144  12:44  Gateway  
  137  12:45  Gateway  
  125  12:52  Unknown  
  111  13:14  Stalker x2  
  111  13:15  Stalker x5  
  111  13:16  Stalker  
  117  13:21  Protoss Ground Weapons Level 3 (Chrono Boost), Protoss Shields Level 3 (Chrono Boost)  
  110  13:48  Stalker x4  
  100  13:49  Stalker x2  
  100  13:54  High Templar x3  
  100  13:55  High Templar  
  114  13:58  Zealot  
  114  13:59  Zealot  
  114  14:00  Zealot  
  98  14:37  Nexus  
  90  14:40  Pylon  
  90  14:43  Pylon  
  50  15:00  Stalker x4  
  50  15:01  Stalker x2  
  50  15:02  Stalker x5  
  50  15:03  Stalker x2  
  76  15:41  Assimilator  
  58  16:02  Stalker x2  
  54  16:08  Stalker x5  
  54  16:09  Stalker x4  
  64  16:55  Assimilator  
  64  17:12  Stalker x6  
  64  17:14  Nexus  
  76  17:16  Pylon  
  76  17:18  Probe  
  76  17:19  Pylon  
  77  17:30  Probe  
  77  17:32  Stalker x3  
  77  17:33  Stalker x2  
  77  17:35  High Templar x3  
  77  17:36  High Templar  
  96  17:54  Dark Templar x4  
  96  17:56  Dark Templar  
  106  18:06  Pylon  
  106  18:07  Zealot x3  
  106  18:08  Zealot  
  114  18:43  Stalker  
  114  18:44  Stalker x3  
  114  18:46  Stalker  
  114  18:47  Stalker  
  126  18:54  Probe  
  127  19:06  Probe  
  128  19:18  Probe  
  129  19:30  Probe  
  130  19:36  Zealot x2  
  130  19:37  Zealot x5  
  130  19:38  Zealot x2  
  148  19:43  Probe  
  141  20:21  Zealot x4  
  145  20:22  Zealot x6  
  137  20:45  Archon  
  89  21:05  Stalker x5  
  89  21:06  Stalker x5  
  89  21:08  Stalker  
  89  21:09  Stalker  
  85  21:43  Stalker  
  85  21:44  Stalker x6  
  85  21:45  Stalker x4  
  71  22:34  Stalker x5  
  71  22:35  Stalker x4  
  83  22:38  High Templar x4  
  83  23:01  Stalker x3  
  83  23:02  Stalker x4  
  83  23:03  Stalker x2  
  101  23:13  Assimilator  
  101  23:15  Assimilator  
  101  23:24  Zealot  
  101  23:25  Zealot x4  
  101  23:26  Zealot x3  
  117  23:29  Nexus, Stalker x3  
  117  23:30  Stalker x2  
  123  23:48  Archon  
  99  24:00  Zealot x3  
  99  24:01  Zealot x6  
  99  24:02  Zealot  
  119  24:11  Stalker x3  
  125  24:24  Stalker x5  
  135  24:57  Pylon  
  135  25:00  Pylon  
  135  25:08  Zealot x2  
  135  25:09  Zealot x2  
  135  25:10  Dark Templar x2  
  130  25:24  Zealot x3  
  130  25:25  Zealot x4  
  130  25:45  Zealot x5  
  130  25:46  Zealot x2  
  138  25:55  High Templar x2  
  138  25:56  High Templar  
  144  25:58  High Templar  
  136  26:12  Stalker  
  136  26:13  Stalker x5  
  136  26:14  Stalker  
  138  26:35  Stalker x2  
  138  26:36  Stalker x4  
  129  27:11  Stalker x3  
  129  27:12  Stalker x6  
  129  27:14  Stalker x4  
Show
View Real Time Build Order
Export as new Build Order

andreslc Zerg 

Build Orders: 3 Hatch before Pool 

Get SALT Encoding   

  12  0:53  Drone x2  
  12  0:54  Overlord  
  14  1:00  Hatchery  
  13  1:11  Drone  
  14  1:23  Drone  
  14  1:24  Hatchery  
  14  1:31  Drone  
  15  1:39  Drone  
  16  1:49  Drone  
  17  1:58  Spawning Pool  
  17  1:59  Drone  
  17  2:05  Extractor  
  16  2:09  Extractor  
  16  2:11  Drone  
  16  2:18  Drone  
  16  2:22  Overlord  
  17  2:38  Drone  
  17  2:39  Drone  
  19  2:45  Drone x2  
  19  2:46  Drone  
  19  2:48  Queen  
  24  2:58  Overlord  
  24  2:59  Zergling x4  
  24  3:03  Zergling x2  
  27  3:12  Drone x2  
  29  3:23  Drone x2  
  29  3:25  Drone x2  
  33  3:28  Zergling x2  
  34  3:37  Drone x2  
  36  3:42  Metabolic Boost  
  36  3:48  Lair  
  36  3:51  Drone  
  36  3:54  Zergling x2  
  38  3:56  Drone  
  38  3:58  Zergling x2  
  40  4:03  Drone x2  
  40  4:06  Drone x2  
  40  4:09  Drone  
  45  4:10  Drone  
  46  4:25  Zergling x2  
  46  4:26  Overlord, Drone  
  46  4:27  Drone, Zergling x2  
  46  4:28  Overlord  
  50  4:36  Evolution Chamber  
  49  4:42  Drone x2, Evolution Chamber  
  51  4:45  Drone x2  
  51  4:46  Drone x4  
  56  4:56  Extractor  
  56  4:59  Extractor  
  54  5:06  Overseer x2  
  54  5:08  Hatchery  
  54  5:10  Drone, Zergling x2  
  54  5:11  Zergling x2  
  54  5:12  Overlord  
  56  5:27  Hydralisk Den  
  55  5:33  Drone x3  
  55  5:34  Spire  
  57  5:36  Drone x2  
  57  5:37  Drone  
  60  5:46  Zergling x10  
  60  5:47  Zergling x2  
  66  5:54  Zerg Ground Armor Level 1  
  66  5:55  Zerg Missile Weapons Level 1  
  66  5:58  Grooved Spines  
  66  6:02  Drone x2  
  68  6:09  Overlord x4  
  68  6:25  Hatchery  
  67  6:27  Hydralisk  
  67  6:29  Hydralisk x4  
  77  6:35  Pneumatized Carapace  
  77  6:47  Mutalisk x2, Infestation Pit  
  77  6:48  Muscular Augments  
  77  6:53  Drone x3  
  77  6:54  Drone x2  
  85  7:02  Drone x3  
  85  7:03  Drone x4  
  92  7:08  Extractor  
  92  7:10  Extractor  
  90  7:21  Mutalisk x3, Hydralisk  
  98  7:24  Zergling x4  
  95  7:32  Overlord x2  
  86  7:39  Drone  
  87  7:48  Hatchery  
  87  7:49  Drone x5  
  87  7:50  Drone x4  
  95  7:54  Overlord  
  95  8:00  Zerg Flyer Armor Level 1  
  95  8:02  Zerg Ground Armor Level 2  
  95  8:04  Zerg Missile Weapons Level 2  
  95  8:24  Mutalisk  
  95  8:25  Mutalisk x3  
  103  8:27  Zergling x6  
  103  8:28  Zergling x4  
  108  8:45  Drone x2  
  108  8:46  Drone  
  111  8:52  Hatchery  
  111  8:54  Extractor  
  109  8:57  Extractor, Spire  
  109  9:02  Hydralisk x3  
  107  9:03  Hydralisk x5  
  107  9:05  Zergling x4  
  125  9:13  Hive  
  125  9:18  Drone x3  
  128  9:28  Drone x2  
  128  9:29  Drone  
  131  9:41  Mutalisk x4  
  131  9:42  Mutalisk  
  141  9:48  Drone x5  
  146  9:54  Zerg Flyer Weapons Level 1  
  146  10:03  Drone x2  
  148  10:08  Overlord x4, Extractor  
  148  10:09  Overlord x4  
  148  10:11  Hatchery  
  148  10:13  Extractor  
  145  10:15  Overseer  
  145  10:31  Drone x4  
  149  10:41  Drone x3  
  152  10:45  Zerg Flyer Armor Level 2  
  152  10:48  Zerg Ground Armor Level 3  
  152  10:49  Zerg Missile Weapons Level 3  
  152  10:56  Hatchery  
  151  10:59  Hatchery  
  150  11:06  Hatchery  
  150  11:07  Mutalisk x6  
  150  11:08  Mutalisk x3  
  150  11:09  Mutalisk  
  150  11:11  Zergling x2  
  170  11:12  Zergling x2  
  171  11:23  Drone x3  
  174  11:29  Drone x3  
  174  11:30  Drone  
  178  11:34  Drone  
  178  11:35  Drone x2  
  178  11:37  Drone  
  121  12:13  Mutalisk x2  
  121  12:14  Mutalisk x2  
  121  12:15  Mutalisk x5  
  131  12:16  Corruptor  
  131  12:17  Corruptor x4  
  131  12:20  Greater Spire  
  139  12:39  Zergling x2  
  139  12:40  Zergling x4  
  111  13:01  Zerg Flyer Weapons Level 2  
  99  13:16  Zergling x4  
  99  13:17  Zergling x16  
  99  13:18  Zergling x14  
  99  13:19  Zergling x8  
  107  13:44  Mutalisk x8  
  107  13:45  Mutalisk x6  
  119  13:55  Mutalisk x3  
  110  14:06  Hatchery  
  102  14:16  Brood Lord  
  102  14:17  Brood Lord x4  
  80  14:49  Drone x3  
  74  15:05  Drone x5  
  74  15:06  Drone x9  
  90  15:07  Drone x2  
  90  15:10  Drone  
  90  15:11  Drone x2  
  93  15:22  Drone  
  94  15:42  Extractor  
  93  15:44  Extractor  
  84  16:09  Drone x3  
  87  16:22  Corruptor x2  
  87  16:23  Corruptor x3  
  87  16:24  Mutalisk x3  
  91  16:40  Zergling x4  
  93  16:48  Mutalisk x3  
  93  16:53  Drone x3  
  102  16:57  Drone x3  
  102  17:00  Drone x3  
  108  17:03  Drone x2  
  108  17:05  Drone  
  108  17:06  Drone x2  
  113  17:35  Hatchery  
  112  17:37  Extractor  
  112  17:38  Extractor  
  112  17:40  Brood Lord x3  
  116  18:02  Hatchery, Brood Lord  
  116  18:03  Brood Lord  
  116  18:05  Extractor  
  118  18:06  Extractor  
  117  18:20  Drone x2  
  117  18:21  Drone x8  
  117  18:22  Drone  
  117  18:27  Mutalisk  
  128  18:47  Corruptor x3  
  132  18:55  Overseer x2  
  127  19:02  Overseer x3  
  127  19:19  Drone  
  127  19:22  Drone  
  127  19:23  Drone x2  
  131  19:26  Brood Lord  
  133  19:31  Mutalisk x3  
  133  19:32  Mutalisk x3  
  133  19:34  Drone x3  
  148  19:46  Drone x2  
  138  20:05  Overseer  
  138  20:06  Overseer  
  109  20:43  Brood Lord x2  
  100  21:05  Drone  
  100  21:06  Drone x7  
  100  21:07  Drone x8  
  100  21:08  Mutalisk x2, Drone x3  
  110  21:16  Hatchery  
  87  21:58  Mutalisk  
  87  21:59  Mutalisk x6  
  87  22:00  Mutalisk x5  
  81  22:32  Mutalisk x3  
  81  22:34  Zergling x4  
  81  22:35  Zergling x16  
  81  22:36  Zergling x14  
  94  23:03  Zergling x2  
  94  23:04  Zergling x12  
  94  23:05  Zergling x16  
  108  23:10  Zerg Flyer Weapons Level 3  
  108  23:41  Extractor  
  101  23:42  Hatchery  
  101  23:45  Extractor  
  69  23:54  Zergling x2  
  69  23:55  Zergling x16  
  71  23:56  Zergling x16  
  71  23:57  Zergling x4  
  82  24:05  Drone x3  
  85  24:21  Corruptor x3  
  85  24:22  Corruptor x2  
  95  24:27  Drone x3  
  95  24:28  Drone  
  99  24:37  Drone x3  
  102  24:56  Drone  
  99  25:32  Mutalisk x3  
  93  25:46  Zergling x8  
  93  25:47  Zergling x16  
  93  25:48  Zergling x14  
  93  25:49  Zergling x4  
  106  26:02  Brood Lord x2  
  106  26:03  Brood Lord x2  
  81  26:34  Drone x3  
  84  26:44  Drone x6  
  84  26:45  Drone x8  
  84  26:46  Swarm Host  
  101  26:59  Zergling x2  
  101  27:00  Zergling x16  
  101  27:01  Zergling x8  
Tags
 
Add a new tag
Caveats
  • Supply blocks, unpowered buildings, or Contaminate may cause inaccurate times.
  • Supply counts are checked every 10 seconds.